 Dungeon Sprint DCSS version 0.30.1-4-g462c640d31 (webtiles) character file.

Game seed: 5262902953252510947

25 Heoruswealwe the Charlatan (level 2, 0/14 HPs)
             Began as a Spriggan Artificer on Aug 24, 2023.
             Slain by an ogre
             ... wielding a +0 giant club
              (14 damage)
             ... in the Dungeon (Sprint I: "Red Sonja").
             The game lasted 00:01:51 (54 turns).

Heoruswealwe the Charlatan (Spriggan Artificer)       Turns: 54, Time: 00:01:51

Health: 0/14       AC:  2    Str:  8    XL:     2   Next: 82%
Magic:  6/6        EV: 18    Int: 12    God:
Gold:   0          SH:  0    Dex: 15    Spells: 6/6 levels left

rFire   . . .        a - +3 club (spect)
rCold   . . .        (no shield)
rNeg    . . .        c - +0 robe
rPois   .            (helmet restricted)
rElec   .            (no cloak)
rCorr   .            (gloves unavailable)
SInv    +            (boots unavailable)
Will    .....        (no amulet)
Stlth   ++           (no ring)
HPRegen 0.22/turn    (no ring)
MPRegen 0.10/turn

%: no teleportation
@: very quick
A: very small, no large weapons, unfitting armour, see invisible, speed 3
a: no special abilities


You were in the Dungeon.
You visited 1 branch

Inventory:

Hand Weapons
 a - a +3 spectral club (weapon)
Armour
 c - a +0 robe (worn)
Wands
 b - a wand of flame (9) (quivered)
 d - a wand of charming (22)
 e - a wand of iceblast (4)
Scrolls
 k - a scroll of blinking
Potions
 f - a potion of curing
 g - a potion of heal wounds
 h - a potion of haste
 i - 2 potions of magic
 j - a potion of berserk rage


   Skills:
 - Level 0.7 Fighting
 * Level 4.6 Dodging
 + Level 3.0 Stealth
 * Level 2.7 Spellcasting
 + Level 1.7 Hexes
 + Level 2.2 Translocations
 * Level 3.0 Transmutations
 + Level 4.7 Evocations


You had 6 spell levels left.
You didn't know any spells.
Your spell library was empty.

Dungeon Overview and Level Annotations

Branches:
Dungeon (1/1)

Altars:


Innate Abilities, Weirdness & Mutations

You are very small and have problems with some larger weapons.
You are too small for most types of armour.
You have supernaturally acute eyesight. (SInv)
You cover ground extremely quickly. (Speed+++)


Message History

You have reached level 2!
d - a wand of charming (22) (gained 7 charges)
There is an open door here.
Things that are here:
a +3 spectral club; a +0 scale mail
l - a +3 spectral club
Okay, then.
Okay, then.
You feel a bond with your +3 spectral club.
l - a +3 spectral club (weapon)
Adjust (i)tems, (s)pells, or (a)bilities?
l - a +3 spectral club (weapon)
Adjust to which letter? (? for menu, Esc to quit)
a - a +3 spectral club (weapon);
l - a +0 club You drop a +0 club.
Adjust (i)tems, (s)pells, or (a)bilities?
b - a +0 robe (worn)
Adjust to which letter? (? for menu, Esc to quit)
c - a +0 robe (worn);
b - a wand of flame (11) (quivered)
There is an open door here.
Things that are here:
a +0 club; a +0 scale mail You start resting.
Magic restored.
You start resting.
HP restored.
You open the door.
An ogre comes into view. It is wielding a +0 giant club.
Aiming: Iceblast
Press: ? - help, Shift-Dir - straight line, f - ogre
Aim: an ogre, wielding a +0 giant club (asleep)
The mass of ice explodes!
The iceblast engulfs the ogre!
The ogre is moderately wounded.
The ogre shouts!
The puff of flame hits the ogre!
The ogre is severely wounded.
The puff of flame hits the ogre.
The ogre is almost dead.
The ogre hits you with a +0 giant club!
Ouch! That really hurt!
You die...

##########
#<.#.@O..#
#..)..#..+
#..#### +#
#..# #..#
#..# #⌠⌠#
####


You could see an ogre.

Vanquished Creatures
  Ijyb (D)
1 creature vanquished.

Notes
Turn   | Place    | Note
-------+----------+-------------------------------------------
     0 | D        | Heoruswealwe the Spriggan Artificer began the quest for the
                  | Orb.
     0 | D        | Reached XP level 1. HP: 9/9 MP: 2/2
     1 | D        | Noticed Ijyb
     5 | D        | Killed Ijyb
     6 | D        | Reached skill level 1 in Hexes
     6 | D        | Reached XP level 2. HP: 4/14 MP: 2/6
    51 | D        | Noticed an ogre
    54 | D        | Slain by an ogre

Illustrated notes

Levels and vault maps discovered:
D:        dungeon_sprint_1 [red_sonja_temple_1, red_sonja_temple_small_1]

Skill      XL: |  1 |
---------------+----+-----
Dodging        | 4 |  4.6
Stealth        | 3 |  3.0
Spellcasting   | 2 |  2.7
Hexes          | 1 |  1.7
Translocations | 2 |  2.2
Transmutations | 3 |  3.0
Fighting       | |  0.7
Evocations     | |  4.7

Action                     || total
---------------------------++-------
  Evoke: Wand              ||     7
  Dodge: Dodged            ||     1
